 Dungeon Crawl Stone Soup version 0.31.0 (webtiles) character file.

Game seed: 6004442434786462276

509 qw the Shooter (level 7, -10/43 HPs)
             Began as a Gargoyle Hunter on Jan 20, 2024.
             Mangled by a wight
             ... wielding a +0 great sword
              (13 damage)
             ... on level 5 of the Dungeon.
             The game lasted 00:00:20 (3719 turns).

qw the Shooter (Gargoyle Hunter)                    Turns: 3719, Time: 00:00:21

Health: -10/43     AC: 10    Str: 20    XL:     7   Next: 19%
Magic:  7/7        EV: 11    Int: 10    God:
Gold:   201        SH:  0    Dex: 15    Spells: 6/6 levels left

rFire   . . .        a - +0 shortbow
rCold   . . .        (shield currently unavailable)
rNeg    + . .        e - +0 ring mail
rPois   inf          (no helmet)
rElec   +            (no cloak)
rCorr   .            (no gloves)
SInv    .            (no boots)
Will    .....        (no amulet)
Stlth   +            c - +6 ring of strength
HPRegen 0.27/turn    (no ring)
MPRegen 0.10/turn

%: no passive effects
@: about to teleport
A: sickness immunity, AC +4, negative energy resistance 1, electricity
resistance, torment resistance 1, petrification resistance
a: no special abilities


You were on level 5 of the Dungeon.
You visited 1 branch of the dungeon, and saw 5 of its levels.

You collected 201 gold pieces.


Innate Abilities, Weirdness & Mutations

You are immune to sickness and miasma.
Your stone body is resilient. (AC +4)
You are immune to poison.
You resist negative energy. (rN+)
You are resistant to electric shocks. (rElec)
You are resistant to unholy torment.
You are immune to petrification.


   Skills:
 - Level 4.0 Fighting
 + Level 7.6 Ranged Weapons
 - Level 1.2 Armour
 - Level 1.5 Dodging
 - Level 1.1 Stealth


You had 6 spell levels left.
You didn't know any spells.
Your spell library was empty.

Inventory:

Hand Weapons
 a - a +0 shortbow (weapon)
Armour
 e - a +0 ring mail (worn)
Jewellery
 c - a +6 ring of strength (left hand)
Wands
 b - a wand of flame (21)
 g - a wand of charming (6)
Scrolls
 f - a scroll of identify
 h - a scroll of teleportation
Potions
 d - a potion of mutation {unknown}
 j - a potion of enlightenment

Dungeon Overview and Level Annotations

Branches:
Dungeon (5/15)
 Temple: D:4-7

Altars:

Shops:
D:3 [


Message History

You now have 201 gold pieces (gained 11). 2 wights come into view.
A wight is wielding a +2 flail of protection.
Enter note:
Enter note:
Enter note:
Enter note:
Enter note: You shoot an arrow.
The arrow hits the wight.
The wight is moderately damaged.
You shoot an arrow. The arrow completely misses the wight.
The arrow hits the wight but does no damage.
You shoot an arrow. The arrow hits the wight.
The wight is severely damaged.
The wight closely misses you.
You shoot an arrow.
The arrow hits the wight but does no damage.
The wight is severely damaged.
The wight closely misses you.
You shoot an arrow. The arrow hits the wight!
You destroy the wight!
The wight hits you with a +0 great sword!
You shoot an arrow. The arrow hits the wight.
The wight is moderately damaged.
The wight hits you with a +0 great sword!
You shoot an arrow. The arrow closely misses the wight.
The wight hits you with a +0 great sword!
You shoot an arrow. The arrow barely misses the wight.
The wight barely misses you.
You shoot an arrow. The arrow closely misses the wight.
The wight closely misses you.
The wight hits you with a +0 great sword!
3718 ||| READING 2 scrolls of teleportation.
As you read the scroll of teleportation, it crumbles to dust.
You feel strangely unstable. The wight hits you but does no damage.
You shoot an arrow. The arrow hits the wight!
The wight is almost destroyed.
The wight hits you with a +0 great sword!
You die...

###.... .. ....>. ###.
#.... ##... ## #....
.... ... #....
###..###.... #....
........... #....
#.z)...... ....... #.@#
#.##... #..# #.. . .....
#..######.###..#..#
.###...........##.....
#.......####.#.###.#.#
#.......# #.#.# #.#..
..........# #.#.###...#
.##.......####.#........
.......................


You could see a wight.

Vanquished Creatures
  A scorpion (D:4)
  A wight (D:5)
  A hound (D:4)
  A jelly (D:4)
  An orc priest (D:4)
  A sleepcap (D:2)
  Ijyb (D:4)
  5 orc wizards
  A gnoll (D:1)
  4 adders
  A dart slug (D:2)
  8 orcs
  7 endoplasms
  4 giant cockroaches
  7 hobgoblins
  4 jackals (D:1)
  6 quokkas
  10 ball pythons
  4 bats
  A frilled lizard (D:1)
  7 goblins
  7 kobolds
  5 rats
88 creatures vanquished.

Notes
Turn   | Place    | Note
-------+----------+-------------------------------------------
     0 | D:1      | qw the Gargoyle Hunter began the quest for the Orb.
     0 | D:1      | Reached XP level 1. HP: 12/12 MP: 1/1
     0 | D:1      | 0 ||| qw: Version: 0.3-a-132-g3d54051
     0 | D:1      | 0 ||| qw: Game counter: 508
     0 | D:1      | 0 ||| qw: Melee chars always use a shield: true
     0 | D:1      | 0 ||| qw: God list: Okawaru
     0 | D:1      | 0 ||| qw: Allow faded altars: false
     0 | D:1      | 0 ||| qw: Do Orc after clearing Dungeon:15 true
     0 | D:1      | 0 ||| qw: Do second Lair branch before Depths: true
     0 | D:1      | 0 ||| qw: Lair rune preference: random
     0 | D:1      | 0 ||| qw: Goals: Normal
     0 | D:1      | 0 ||| PLANNING D:1-11
   218 | D:1      | Reached XP level 2. HP: 16/17 MP: 2/2
   475 | D:1      | Reached XP level 3. HP: 21/21 MP: 3/3
   481 | D:1      | Reached skill level 5 in Ranged Weapons
   677 | D:1      | 677 ||| UPGRADING to +0 ring mail.
   687 | D:1      | 687 ||| DROPPING +0 leather armour.
   688 | D:1      | 688 ||| DROPPING ring of wizardry.
   689 | D:1      | 689 ||| READING 2 scrolls labelled REQICO QAEMMOR.
   689 | D:1      | 689 ||| IDENTIFYING amethyst potion
   690 | D:1      | 690 ||| READING scroll of identify.
   690 | D:1      | 690 ||| IDENTIFYING white potion
   691 | D:1      | 691 ||| READING 2 scrolls labelled XIMODO RAYTAAR.
   694 | D:1      | 694 ||| DRINKING 2 silvery potions.
   695 | D:1      | 695 ||| DRINKING 2 grey potions.
   696 | D:1      | 696 ||| DROPPING scroll of butterflies.
   697 | D:1      | 697 ||| DROPPING potion of attraction.
   698 | D:1      | 698 ||| DROPPING potion of invisibility.
   699 | D:1      | 699 ||| DROPPING potion of lignification.
   700 | D:1      | 700 ||| DROPPING potion of berserk rage.
   729 | D:2      | 729 ||| STAIRDANCE
   791 | D:2      | Reached skill level 1 in Armour
   933 | D:2      | Reached XP level 4. HP: 27/27 MP: 4/4
  1025 | D:2      | Reached skill level 3 in Fighting
  1025 | D:2      | 1025 ||| FLEEEEING.
  1257 | D:2      | 1257 ||| DRINKING blue potion.
  1258 | D:2      | 1258 ||| DRINKING brown potion.
  1259 | D:2      | 1259 ||| DRINKING fizzy black potion.
  1260 | D:2      | 1260 ||| DRINKING viscous green potion.
  1261 | D:2      | 1261 ||| DRINKING sedimented amethyst potion.
  1262 | D:2      | 1262 ||| DRINKING glowing orange potion.
  1287 | D:2      | 1287 ||| FLEEEEING.
  1289 | D:2      | HP: 4/28 [something/puff of flame (11)]
  1298 | D:2      | 1298 ||| FLEEEEING.
  1301 | D:2      | 1301 ||| STAIRDANCE
  1394 | D:1      | 1394 ||| READING 2 scrolls of identify.
  1394 | D:1      | 1394 ||| IDENTIFYING scroll labelled CONAG MOF RIE
  1395 | D:1      | 1395 ||| READING scroll of identify.
  1395 | D:1      | 1395 ||| IDENTIFYING scroll labelled TUAPPOTU RELAE
  1396 | D:1      | 1396 ||| DROPPING scroll of blinking.
  1397 | D:1      | 1397 ||| DROPPING scroll of immolation.
  1402 | D:2      | 1402 ||| STAIRDANCE
  1417 | D:1      | Reached XP level 5. HP: 24/32 MP: 5/5
  1926 | D:3      | Found Mexzogiu's Antique Armour Shop.
  1953 | D:3      | 1953 ||| SHOPLISTING cloak (135 gold, have 95).
  1953 | D:3      | 1953 ||| SHOPLISTING heavily runed leather armour (210
                  | gold, have 95).
  1953 | D:3      | 1953 ||| SHOPLISTING pair of brightly glowing gloves (285
                  | gold, have 95).
  1953 | D:3      | 1953 ||| SHOPLISTING pair of gloves (135 gold, have 95).
  1953 | D:3      | 1953 ||| SHOPLISTING runed scarf (240 gold, have 95).
  2408 | D:3      | 2408 ||| UPGRADING to +6 ring of strength.
  2426 | D:4      | 2426 ||| STAIRDANCE
  2443 | D:4      | 2443 ||| STAIRDANCE
  2467 | D:4      | 2467 ||| STAIRDANCE
  2515 | D:4      | Reached skill level 6 in Ranged Weapons
  2529 | D:4      | Reached XP level 6. HP: 36/38 MP: 6/6
  2792 | D:4      | 2792 ||| DRINKING 2 pink potions.
  2795 | D:4      | 2795 ||| FLEEEEING.
  2806 | D:4      | 2806 ||| FLEEEEING.
  2815 | D:4      | 2815 ||| STAIRDANCE
  2903 | D:3      | 2903 ||| READING 2 scrolls of identify.
  2903 | D:3      | 2903 ||| IDENTIFYING red potion
  2904 | D:3      | 2904 ||| READING scroll of identify.
  2904 | D:3      | 2904 ||| IDENTIFYING yellow potion
  2905 | D:3      | 2905 ||| READING scroll labelled ZIAXKI TUOWIMI.
  2906 | D:3      | 2906 ||| READING scroll labelled TIDUARGH JUSO.
  2907 | D:3      | 2907 ||| READING scroll labelled FEHEKL OGOHASO.
  2908 | D:3      | 2908 ||| DROPPING potion of degeneration.
  3203 | D:5      | Entered Level 5 of the Dungeon
  3204 | D:5      | 3204 ||| STAIRDANCE
  3216 | D:5      | 3216 ||| STAIRDANCE
  3218 | D:5      | 3218 ||| STAIRDANCE
  3220 | D:4      | 3220 ||| DRINKING potion of curing.
  3220 | D:4      | 3220 ||| (to cure confusion)
  3235 | D:4      | Reached skill level 7 in Ranged Weapons
  3236 | D:4      | 3236 ||| FLEEEEING.
  3281 | D:5      | 3281 ||| STAIRDANCE
  3283 | D:4      | 3283 ||| FLEEEEING.
  3297 | D:5      | Noticed Ijyb
  3298 | D:5      | 3298 ||| STAIRDANCE
  3302 | D:5      | HP: 4/38 [orc wizard/magic dart (7)]
  3303 | D:5      | 3303 ||| STAIRDANCE
  3438 | D:5      | 3438 ||| STAIRDANCE
  3441 | D:4      | Killed Ijyb
  3447 | D:5      | 3447 ||| STAIRDANCE
  3468 | D:5      | 3468 ||| STAIRDANCE
  3478 | D:4      | 3478 ||| FLEEEEING.
  3489 | D:4      | 3489 ||| FLEEEEING.
  3499 | D:4      | 3499 ||| STAIRDANCE
  3562 | D:4      | Reached XP level 7. HP: 43/43 MP: 7/7
  3576 | D:5      | 3576 ||| STAIRDANCE
  3578 | D:4      | 3578 ||| FLEEEEING.
  3717 | D:5      | HP: 3/43 [wight/+0 great sword (14)]
  3718 | D:5      | 3718 ||| READING 2 scrolls of teleportation.
  3719 | D:5      | Mangled by a wight

Levels and vault maps discovered:
D:1:      denvon_arrival_planthouse, layout_loops_cross, serial_glass,
          glass_columns_b, glass_columns_b, glass_columns_b, glass_columns_b,
          glass_columns_a
D:2:      layout_loops_ring
D:3:      layout_basic, serial_shops, nicolae_shop_dealshenge
D:4:      layout_loops_ring
D:5:      layout_basic, uniq_ijyb

Skill      XL: |  1  2  3  4  5  6 |
---------------+-------------------+-----
Ranged Weapons | 5 6 7 |  7.6
Armour         | 1 |  1.2
Fighting       | 3 4 |  4.0
Dodging        | |  1.5
Stealth        | |  1.1

Action                     |  1- 3 |  4- 6 |  7- 9 || total
---------------------------+-------+-------+-------++-------
  Melee: Shortbow          |       |     1 |       ||     1
   Fire: Shortbow          |    99 |   258 |    19 ||   376
    Use: Scroll            |     3 |     7 |     1 ||    11
         Potion            |     2 |     8 |       ||    10
 Armour: Leather armour    |    27 |       |       ||    27
         Ring mail         |     3 |   240 |    12 ||   255
  Dodge: Dodged            |    33 |   127 |     4 ||   164

Table legend:
 A = Non-vault XP
 B = Vault XP
 C = Vault XP percentage of total XP
 D = Non-vault monster count
 E = Vault monster count
 F = Vault count percentage of total count
                 A         B        C        D         E       F
            +---------+---------+-------+---------+---------+-------
      Total |     692 |      36 |   4.9 |      87 |       1 |   1.1
            +---------+---------+-------+---------+---------+-------
        D:1 |      87 |       0 |   0.0 |      26 |       0 |   0.0
        D:2 |     127 |       0 |   0.0 |      24 |       0 |   0.0
        D:3 |      34 |       0 |   0.0 |      12 |       0 |   0.0
        D:4 |     336 |      36 |   9.7 |      22 |       1 |   4.3
        D:5 |     108 |       0 |   0.0 |       3 |       0 |   0.0
            +---------+---------+-------+---------+---------+-------
